Map: Alcyone LE

Players

TooMuch - Winner!

  • Race: Terran Terran
  • Spawn Location: 7:00

MVO

  • Race: Protoss Protoss
  • League: Platinum
  • Spawn Location: 1:00

VOD

Have the link to the VOD?

Description

Time

  • Played on: June 27, 2024, 8:04 p.m.
  • Length: 8:45
Show
View Real Time Build Order
Export as new Build Order

TooMuch Terran - Winner!

Build Orders: Mech 

Get SALT Encoding   

  12  0:00  SCV  
  13  0:12  SCV  
  14  0:18  Supply Depot  
  14  0:24  SCV  
  15  0:39  SCV  
  15  0:42  Barracks  
  16  0:48  Refinery  
  16  0:51  SCV  
  17  1:04  SCV  
  18  1:16  SCV  
  19  1:28  Orbital Command  
  19  1:36  Command Center  
  19  1:44  Barracks Tech Lab  
  19  1:50  Refinery  
  19  2:02  Factory  
  19  2:23  SCV  
  19  2:29  Ghost Academy  
  20  2:35  SCV  
  21  2:47  Factory Reactor, SCV  
  21  2:50  Orbital Command  
  22  2:59  SCV  
  22  3:00  Ghost  
  25  3:08  Supply Depot  
  25  3:11  Supply Depot, SCV  
  26  3:23  Supply Depot, SCV  
  26  3:24  SCV  
  26  3:26  Widow Mine  
  30  3:27  Widow Mine  
  30  3:33  Ghost  
  34  3:36  SCV x2  
  34  3:38  Refinery  
  36  3:48  SCV x2  
  38  3:49  Starport  
  38  4:11  Ghost  
  38  4:14  Hellion x2  
  38  4:15  SCV x2  
  46  4:20  Supply Depot  
  46  4:25  Factory  
  46  4:27  SCV x2  
  48  4:36  Starport Tech Lab  
  48  4:38  Cyclone x2  
  50  4:40  SCV x2  
  54  4:48  Armory  
  54  4:51  Refinery  
  54  4:52  SCV  
  56  5:07  SCV x2  
  56  5:08  Ghost  
  56  5:10  Cyclone  
  56  5:12  Factory Tech Lab  
  61  5:19  SCV x2  
  63  5:30  Banshee  
  63  5:31  SCV x2  
  68  5:43  SCV  
  68  5:44  Supply Depot  
  68  5:46  Supply Depot  
  69  5:54  Command Center  
  69  6:01  Infernal Pre-Igniter  
  69  6:06  Thor, Hellbat x2  
  69  6:07  Terran Vehicle Weapons Level 1  
  79  6:13  Banshee  
  82  6:22  Ghost  
  84  6:27  Hellbat x2  
  88  6:49  Hellbat x3  
  88  6:51  Supply Depot  
  88  6:53  Supply Depot  
  94  7:06  Ghost, Banshee  
  99  7:10  Thor, Hellbat x2  
  109  7:23  SCV x2  
  111  7:31  Hellbat  
  111  7:33  Refinery  
  111  7:35  Ghost, SCV x2  
  117  7:37  Refinery  
  117  7:38  Hellbat  
  119  7:45  Orbital Command  
  119  7:47  SCV  
  120  7:53  Hellbat  
  122  7:59  SCV x2  
  124  8:10  Supply Depot  
  124  8:11  SCV  
  125  8:17  Supply Depot  
Show
View Real Time Build Order
Export as new Build Order

MVO Protoss 

Build Orders: 1 Gate Expand 

Get SALT Encoding   

  12  0:01  Probe  
  13  0:13  Probe  
  14  0:21  Pylon  
  14  0:25  Probe  
  15  0:39  Probe  
  16  0:50  Gateway  
  16  0:53  Assimilator  
  16  0:55  Pylon  
  16  0:57  Probe  
  17  1:10  Probe  
  18  1:22  Probe  
  19  1:34  Probe  
  20  1:42  Nexus  
  20  1:46  Probe  
  21  1:50  Cybernetics Core  
  21  1:58  Assimilator, Probe  
  22  2:10  Probe  
  23  2:17  Warp Gate (Chrono Boost)  
  23  2:22  Probe  
  24  2:28  Adept (Chrono Boost)  
  24  2:34  Probe  
  27  2:41  Assimilator, Robotics Facility  
  27  2:46  Gateway, Probe  
  28  2:55  Probe (Chrono Boost)  
  29  2:59  Probe (Chrono Boost)  
  31  3:06  Probe (Chrono Boost)  
  31  3:07  Pylon  
  31  3:08  Probe (Chrono Boost)  
  31  3:11  Probe (Chrono Boost)  
  33  3:13  Probe (Chrono Boost)  
  34  3:21  Probe  
  34  3:25  Probe  
  36  3:29  Twilight Council  
  36  3:30  Observer  
  36  3:33  Gateway, Probe  
  38  3:39  Probe  
  38  3:41  Pylon  
  39  3:45  Probe  
  40  3:51  Probe  
  41  3:57  Probe  
  41  4:01  Stalker x2  
  46  4:03  Probe  
  46  4:09  Probe  
  48  4:15  Immortal, Probe  
  53  4:18  Blink (Chrono Boost)  
  53  4:21  Probe  
  54  4:28  Probe  
  54  4:30  Assimilator  
  55  4:32  Pylon  
  55  4:33  Probe  
  56  4:39  Stalker  
  56  4:40  Stalker  
  60  4:53  Probe x2  
  62  5:05  Nexus, Probe x2  
  64  5:09  Pylon  
  64  5:17  Probe x2  
  66  5:28  Forge  
  66  5:29  Probe x2  
  66  5:31  Gateway  
  66  5:32  Gateway  
  68  5:41  Probe x2  
  70  5:45  Robotics Bay  
  70  5:46  Stalker  
  70  5:47  Pylon, Stalker  
  70  5:49  Pylon  
  74  5:52  Protoss Ground Weapons Level 1 (Chrono Boost)  
  74  5:54  Stalker  
  76  6:05  Immortal  
  76  6:08  Pylon  
  76  6:11  Pylon  
  80  6:14  Stalker  
  80  6:15  Sentry  
  84  6:19  Probe x3  
  84  6:23  Assimilator  
  84  6:24  Extended Thermal Lance (Chrono Boost)  
  87  6:26  Assimilator  
  87  6:28  Pylon  
  87  6:30  Sentry x2  
  87  6:31  Stalker  
  93  6:43  Stalker x2  
  97  6:59  Colossus (Chrono Boost)  
  97  7:06  Stalker x2  
  97  7:07  Stalker x2  
  97  7:08  Stalker  
  112  7:26  Pylon  
  112  7:28  Gateway  
  112  7:29  Gateway  
  112  7:32  Pylon  
  112  7:34  Stalker x2  
  112  7:35  Stalker  
  118  7:38  Pylon  
  118  7:42  Photon Cannon  
  118  7:44  Photon Cannon  
  118  7:51  Probe x3  
  120  7:56  Photon Cannon  
  120  7:57  Stalker x2  
  125  7:59  Photon Cannon  
  125  8:03  Probe  
  126  8:10  Photon Cannon  
  90  8:34  Stalker x4  
  90  8:35  Stalker x3  
Tags
 
Composition
Mech
League
Platinum
Matchup
PvT
Spawn Locations
Cross Positions
Add a new tag
Caveats
  • Supply blocks, unpowered buildings, or Contaminate may cause inaccurate times.
  • Supply counts are checked every 10 seconds.